woodfighter, neutral female human Healer ----- ------ ------------- |..>. |....| #.....<......| #....| #.....+ ###|...........| ###--.-- #-.---- # |...........| # # # # # ### ----------.-- ### #### # ### # # ## # # # # # #### # #### # # #---------.---# ## # ### # #|...........|# ################%####### ------# #|.......)...|# # # ---+-.--- |.(..-# #............-# # # ---.......--- |..{.| ------------- # -------# |... ---....| |.....##############################|.....-# |.... |..... |....| ##|.....| |....---....| |..... ##......| -.o@....--- ------ #------- --------- woodfighter the Empiric Experience level: 3 Strength: 11 Dexterity: 9 Constitution: 11 Intelligence: 10 Wisdom: 16 Charisma: 17 Health: 0(21) Energy: 14(14) Def: 8 Gold: 1691 Moves: 823 Dungeon seed: 0qIt7q30xUxJPht- Game ID: woodfighter_1506696416 Your Inventory: Coins $ - 1691 gold pieces Amulets s - an uncursed amulet versus poison (being worn) A - an uncursed amulet of ESP Weapons a - a blessed +0 scalpel (weapon in hand) E - a +0 knife Armor e - an uncursed +1 pair of leather gloves (being worn) r - an uncursed +0 pair of low boots (being worn) y - an uncursed +1 studded leather armor (being worn) z - an uncursed +0 dwarvish cloak (being worn) N - a blessed +0 Hawaiian shirt Y - an uncursed +0 shield of reflection (being worn) Comestibles j - 7 blessed eucalyptus leaves k - 2 blessed sprigs of wolfsbane l - 4 blessed cloves of garlic m - 5 uncursed apples Scrolls w - an uncursed scroll of scare monster B - an uncursed scroll of enchant weapon Spellbooks C - an uncursed spellbook of protection Potions x - an uncursed potion of polymorph Wands f - a wand of sleep (0:8) p - a wand of enlightenment (0:13) D - a wand of striking (0:5) Tools b - an uncursed stethoscope u - an uncursed credit card Spells and supernatural/magical abilities: Name Level Category Fail Memory h - healing 1 healing 81% 96% x - extra healing 3 healing 87% 96% S - stone to flesh 3 healing 92% 96% W - pray for help -- divine ? -- Your skills at the end: Miscellaneous Skills wands [Basic] Weapon Skills knife [Basic] Spellcasting Skills healing spells [Basic] Final Attributes: You were devoutly aligned. You were poison resistant. You were somewhat stealthy. You had reflection. You are dead. Vanquished creatures: a giant bat an orc zombie a hobbit 3 geckos 2 giant rats 6 jackals a kobold 3 newts a goblin a sewer rat 3 grid bugs a lichen 2 kobold zombies 26 creatures vanquished. Voluntary challenges: You did not cause conflict. You were not invisible. You did not have reflection until turn 573. You were not displaced. You used a wielded weapon 48 times, starting on turn 9. You did not apply a unicorn horn. You did not use plumbed fixtures. You did not drink any magical draughts. You were illiterate. You never genocided any monsters. You never polymorphed an object. You never changed form. You used no wishes. You never split a pudding. You never wrote Elbereth's name. You never violated your personal moral code. Dungeon overview: The Dungeons of Doom: levels 1 to 6 Level 1 (vault) a long staircase Level 2 (stash) an altar to Poseidon Level 3 an armor shop stairs to The Gnomish Mines Level 4 Level 5 <- You were here a fountain Level 6 The Gnomish Mines: Level 4 stairs to The Dungeons of Doom History has recorded: On T:1 you entered the Dungeons of Doom to retrieve the Amulet of Yendor! On T:152 you reached level 2 of The Dungeons of Doom. On T:200 you reached level 3 of The Dungeons of Doom. On T:413 you advanced to experience level 2. On T:455 you reached level 1 of The Gnomish Mines. On T:457 you reached level 4 of The Dungeons of Doom. On T:680 you reached level 5 of The Dungeons of Doom. On T:743 you advanced to experience level 3. On T:768 you reached level 6 of The Dungeons of Doom. Score breakdown: Gold: 176 ( 17 points) Experience: 3 levels ( 200 points) Exploration: 6 levels ( 150 points) Discoveries: 11 items ( 550 points) Variety of kills: 13 monsters ( 650 points) Major goal: (nothing yet) ( 0 points) Survival: died (score multiplied by 3) Total score: 4701 Latest messages: You hear a hollow sound. This must be a secret passage! $ - 49 gold pieces. The door resists! The door opens. You hear a hollow sound. This must be a secret passage! You stop exploring. You hack the orc zombie. The orc zombie is moderately wounded. You slash the orc zombie. The orc zombie is almost destroyed. You destroy the orc zombie! You see here an orc corpse. You see here a knife. D - a short wand. You see here a knife. E - a knife. A hobgoblin blocks your way. You slash the hobgoblin. The hobgoblin is moderately wounded. The hobgoblin misses. The hobgoblin punches you! The hobgoblin just misses! The hobgoblin punches you! (5x) You die... Final status: Goodbye woodfighter the Healer, killed by a hobgoblin... You died in The Dungeons of Doom on dungeon level 5 with 4701 points, and 1691 pieces of gold, after 823 moves. You were level 3 with a maximum of 21 hit points when you died.